 Dungeon Crawl Stone Soup version 0.27-a0-1186-g8b4daa1eef (webtiles) character file.

Game seed: 13509750344907083240

1689 karrick the Caller (level 9, -7/65 HPs)
             Began as a Gnoll Summoner on May 19, 2021.
             Was a Priest of Okawaru.
             Mangled by an orc warrior
             ... wielding a +0 dire flail
              (18 damage)
             ... on level 7 of the Dungeon.
             The game lasted 00:19:41 (8227 turns).

karrick the Caller (Gnoll Summoner)                 Turns: 8227, Time: 00:19:42

Health: -7/65      AC:  8    Str: 11    XL:     9   Next: 2%
Magic:  1/18       EV: 13    Int: 15    God:    Okawaru [***...]
Gold:   326        SH:  0    Dex: 12    Spells: 14/20 levels left

rFire    . . .     SeeInvis .   c - +0 spear
rCold    + . .     Faith    .   (no shield)
rNeg     . . .     Spirit   .   i - +3 leather armour {rC+}
rPois    .         Reflect  .   (no helmet)
rElec    .         Harm     .   (no cloak)
rCorr    .         Rampage  .   v - +0 pair of gloves
Will     .....                  y - +0 pair of boots
Stlth    +++.......             (no amulet)
HPRegen  0.20/turn              (no ring)
MPRegen  0.16/turn              (no ring)

@: studying Long Blades
A: fangs 1, strong nose, distributed training, wild magic 1
a: Renounce Religion, Heroism


You were on level 7 of the Dungeon.
You worshipped Okawaru.
Okawaru was most pleased with you.
You visited 2 branches of the dungeon, and saw 8 of its levels.

You collected 326 gold pieces.

Inventory:

Hand Weapons
 c - a +0 spear (weapon)
 d - a +0 short sword
 p - a +2 whip of pain
 A - a +1 dagger of venom
Missiles
 B - 9 javelins
Armour
 i - a +3 leather armour of cold resistance (worn)
 o - a +1 ring mail of willpower
 v - a +0 pair of gloves (worn)
 y - a +0 pair of boots (worn)
 D - the +3 robe of the Catfish {rF+++ rCorr Dex+4 Slay-3}
   (You found it on level 5 of the Dungeon)

   It affects your dexterity (+4).
   It affects your accuracy and damage with ranged weapons and melee attacks
   (-3).
   It renders you almost immune to fire.
   It protects you from acid and corrosion.
 H - a +0 troll leather armour
Wands
 f - a wand of iceblast (6)
 x - a wand of polymorph (9)
 F - a wand of flame (27)
Scrolls
 a - 2 scrolls of enchant weapon {unknown}
 b - a scroll of fear {unknown}
 g - 3 scrolls of fog {unknown}
 h - 2 scrolls of blinking {unknown}
 k - a scroll of magic mapping {unknown}
 l - a scroll of teleportation {unknown}
 m - a scroll of amnesia {unknown}
 q - 7 scrolls of identify {unknown}
 t - a scroll of enchant armour {unknown}
 E - a scroll of immolation {unknown}
Potions
 e - a potion of flight {unknown}
 j - a potion of mutation
 n - a potion of brilliance {unknown}
 r - a potion of curing
 s - a potion of lignification {unknown}
 u - a potion of degeneration {unknown}
 w - a potion of haste {unknown}
 z - a potion of heal wounds
 C - a potion of invisibility {unknown}
 G - a potion of attraction {unknown}


   Skills:
 + Level 3.8 Fighting
 + Level 3.8 Short Blades
 + Level 4.5 Long Blades
 + Level 3.8 Axes
 + Level 3.8 Maces & Flails
 + Level 3.8 Polearms
 + Level 3.8 Staves
 + Level 3.8 Slings
 + Level 3.8 Bows
 + Level 3.8 Crossbows
 + Level 3.8 Throwing
 + Level 3.8 Armour
 + Level 6.0 Dodging
 + Level 5.7 Stealth
 + Level 3.8 Shields
 + Level 3.8 Unarmed Combat
 + Level 6.3 Spellcasting
 + Level 3.1 Conjurations
 + Level 3.1 Hexes
 + Level 7.8 Summonings
 + Level 3.1 Necromancy
 + Level 3.1 Translocations
 + Level 3.1 Transmutations
 + Level 3.1 Fire Magic
 + Level 3.1 Ice Magic
 + Level 3.1 Air Magic
 + Level 3.1 Earth Magic
 + Level 3.1 Poison Magic
 + Level 4.1 Invocations
 + Level 3.8 Evocations


You had 14 spell levels left.
You knew the following spells:

 Your Spells              Type           Power      Damage    Failure   Level
a - Summon Small Mammal   Summ           100%       N/A       1%          1
b - Call Imp              Summ           36%        N/A       2%          2
c - Call Canine Familiar  Summ           36%        N/A       4%          3

Your spell library contained the following spells:

 Spells                   Type           Power      Damage    Failure   Level
 Apportation              Tloc           36%        N/A       8%          1
 Summon Guardian Golem    Hex/Summ       27%        N/A       10%         3
 Lesser Beckoning         Tloc           9%         N/A       22%         3
 Tukima's Dance           Hex            18%        N/A       22%         3
 Summon Ice Beast         Ice/Summ       27%        N/A       26%         4
 Summon Lightning Spire   Summ/Air       27%        N/A       26%         4
 Alistair's Intoxication  Tmut/Pois      12%        N/A       86%         5
 Invisibility             Hex            18%        N/A       100%        6


Dungeon Overview and Level Annotations

Branches:
Dungeon (7/15)             Temple (1/1) D:5

Altars:
Cheibriados
Dithmenos
Elyvilon
Fedhas
Hepliaklqana
Kikubaaqudgha
Makhleb
Nemelex Xobeh
Okawaru
Ru
Uskayaw
Vehumet
Wu Jian
Xom
Yredelemnul
The Shining One

Annotations:
D:6 Maggie


Innate Abilities, Weirdness & Mutations

You have very sharp teeth.
Your uncanny sense of smell can sniff out nearby items.
Your experience applies equally to all skills.
Your spells are a little harder to cast, but a little more powerful.


Message History

Unknown command.
Your bat hits the orc warrior but does no damage.
The orc warrior hits you but does no damage.
Your crimson imp hits the orc warrior but does no damage.
You closely miss the orc warrior.
You punch the orc warrior, but do no damage.
The orc warrior is severely wounded.
You feel like a meek peon again.
Your bat closely misses the orc warrior.
Your bat hits the orc warrior.
Unknown command.
You completely miss the orc warrior.
The orc warrior is severely wounded.
Your bat closely misses the orc warrior. x2
Your crimson imp hits the orc warrior but does no damage.
Your shadow imp gestures at the orc warrior.
The orc warrior struggles to resist.
The orc warrior closely misses your shadow imp.
Your crimson imp barely misses the orc warrior.
You hit the orc warrior but do no damage.
The orc warrior is severely wounded.
Your bat hits the orc warrior but does no damage.
Your crimson imp blinks!
Your shadow imp completely misses the orc warrior.
Your crimson imp hits the orc warrior but does no damage.
The orc warrior hits you with a +0 dire flail!
* * * LOW HITPOINT WARNING * * *
Your bat closely misses the orc warrior.
You hit the orc warrior.
The orc warrior is severely wounded.
Your bat closely misses the orc warrior. x3
The orc warrior barely misses you.
Your crimson imp hits the orc warrior but does no damage.
Unknown command.
You closely miss the orc warrior.
The orc warrior is severely wounded.
Your bat hits the orc warrior but does no damage.
Your crimson imp blinks!
The orc warrior hits you with a +0 dire flail!!
You die...

#..#....#...........
#..#.##.#...........
.....#.#.........##
#.#..#.#...........
#.#..#.#.........##
#....#.#.##...##.##
######.5..#.#.##...#...#
........b.....#......_..
####.#@b.###.#.#.##...#
#§o§# #...#.###.## ##55#
#...#.###... #..#
#...#....... .....
....#####...
.......##.#........#
.........##.#........#
8###8#...# #........#
###...# #........#


You could see an orc warrior (ally target), 2 friendly crimson imps, a friendly
shadow imp (summoned) and 2 friendly bats.

Vanquished Creatures
  A troll (D:7)
  An ice beast (D:7)
  A phantom (D:6)
  A kobold brigand (D:7)
  2 scorpions
  2 centaur zombies
  A bullfrog skeleton (D:5)
  6 adders
  A worm (D:3)
  4 orcs (D:4)
  3 endoplasms
  2 giant cockroaches (D:2)
  2 goblins
  2 jackals
  A quokka (D:4)
  A ball python (D:4)
  2 bats (D:2)
  A frilled lizard (D:2)
  2 kobolds
  A rat (D:3)
37 creatures vanquished.

Vanquished Creatures (collateral kills)
  A centaur zombie (D:6)
  Sigmund (D:3)
  2 yaks
  4 ice beasts
  A centaur (D:6)
  An ogre (D:5)
  2 phantoms (D:4)
  A bullfrog (D:7)
  A water moccasin skeleton (D:5)
  A howler monkey (D:6)
  A jelly (D:7)
  A centaur skeleton (D:5)
  2 hounds
  An iguana (D:5)
  Terence (D:3)
  2 orc wizards (D:7)
  4 gnolls (D:4)
  A howler monkey skeleton (D:6)
  An ufetubus (D:6)
  An adder skeleton (D:4)
  A worm (D:2)
  A dart slug (D:5)
  6 orcs
  A bat (D:1)
  5 endoplasms
  2 giant cockroaches
  4 goblins
  4 hobgoblins
  6 jackals
  A ball python (D:3)
  A jackal skeleton (D:4)
  3 kobolds
65 creatures vanquished.

Vanquished Creatures (others)
  An orc wizard (D:7)
1 creature vanquished.

Grand Total: 103 creatures vanquished

Notes
Turn   | Place    | Note
-------+----------+-------------------------------------------
     0 | D:1      | karrick the Gnoll Summoner began the quest for the Orb.
     0 | D:1      | Reached XP level 1. HP: 13/13 MP: 6/6
   126 | D:1      | Reached XP level 2. HP: 14/19 MP: 3/7
   214 | D:1      | You fall into a shaft and drop 1 floor!
   240 | D:2      | Learned a level 2 spell: Call Imp
  1336 | D:2      | Reached XP level 3. HP: 25/25 MP: 6/9
  1544 | D:3      | Found a faded altar of an unknown god.
  1560 | D:3      | Reached skill level 5 in Spellcasting
  1941 | D:3      | Noticed Sigmund
  1977 | D:4      | Noticed a phantom
  2022 | D:4      | Killed a phantom
  2023 | D:4      | Reached skill level 1 in Fighting
  2023 | D:4      | Reached skill level 1 in Short Blades
  2023 | D:4      | Reached skill level 1 in Long Blades
  2023 | D:4      | Reached skill level 1 in Axes
  2023 | D:4      | Reached skill level 1 in Maces & Flails
  2023 | D:4      | Reached skill level 1 in Polearms
  2023 | D:4      | Reached skill level 1 in Staves
  2023 | D:4      | Reached skill level 1 in Slings
  2023 | D:4      | Reached skill level 1 in Bows
  2023 | D:4      | Reached skill level 1 in Crossbows
  2023 | D:4      | Reached skill level 1 in Throwing
  2023 | D:4      | Reached skill level 1 in Armour
  2023 | D:4      | Reached skill level 1 in Shields
  2023 | D:4      | Reached skill level 1 in Unarmed Combat
  2023 | D:4      | Reached skill level 1 in Invocations
  2023 | D:4      | Reached skill level 1 in Evocations
  2023 | D:4      | Reached XP level 4. HP: 10/32 MP: 2/11
  2235 | D:4      | Noticed a scorpion
  2350 | D:4      | Killed a scorpion
  2351 | D:4      | Reached skill level 1 in Conjurations
  2351 | D:4      | Reached skill level 1 in Hexes
  2351 | D:4      | Reached skill level 1 in Necromancy
  2351 | D:4      | Reached skill level 1 in Translocations
  2351 | D:4      | Reached skill level 1 in Transmutations
  2351 | D:4      | Reached skill level 1 in Fire Magic
  2351 | D:4      | Reached skill level 1 in Ice Magic
  2351 | D:4      | Reached skill level 1 in Air Magic
  2351 | D:4      | Reached skill level 1 in Earth Magic
  2351 | D:4      | Reached skill level 1 in Poison Magic
  2355 | D:4      | Learned a level 3 spell: Call Canine Familiar
  2444 | D:4      | Reached XP level 5. HP: 37/37 MP: 8/12
  2855 | D:4      | Noticed a phantom
  2932 | D:5      | Entered Level 5 of the Dungeon
  2963 | D:5      | Found a hide-covered altar of Uskayaw.
  3295 | D:5      | Found a staircase to the Ecumenical Temple.
  3305 | Temple   | Entered the Ecumenical Temple
  3364 | Temple   | Became a worshipper of Warmaster Okawaru
  3464 | D:5      | Reached XP level 6. HP: 44/44 MP: 8/13
  3496 | D:5      | Noticed an ice beast
  3518 | D:5      | Killed an ice beast
  3519 | D:5      | Reached skill level 5 in Dodging
  3764 | D:5      | Reached * piety under Okawaru
  4265 | D:5      | Noticed a yak
  4265 | D:5      | Noticed a yak
  4267 | D:5      | Noticed a yak
  4269 | D:5      | Noticed a yak
  4274 | D:5      | Noticed a yak
  4460 | D:6      | Noticed an ice beast
  4487 | D:6      | Killed an ice beast
  4488 | D:6      | Reached XP level 7. HP: 20/50 MP: 5/15
  4768 | D:6      | Reached ** piety under Okawaru
  4982 | D:6      | Noticed Maggie
  5028 | D:6      | Found a shimmering altar of Xom.
  5028 | D:6      | Found a shimmering altar of Xom.
  5029 | D:6      | Found a shimmering altar of Xom.
  5038 | D:6      | Found a shimmering altar of Xom.
  5038 | D:6      | Found a shimmering altar of Xom.
  5041 | D:6      | Found a shimmering altar of Xom.
  5099 | D:6      | Reached skill level 5 in Stealth
  5267 | D:6      | Reached XP level 8. HP: 54/57 MP: 11/16
  5797 | D:3      | Killed Sigmund
  5797 | D:3      | Reached *** piety under Okawaru
  5930 | D:3      | Noticed Terence
  5968 | D:3      | Killed Terence
  6673 | D:5      | Killed a yak
  6861 | D:5      | Identified the +3 robe of the Catfish {rF+++ rCorr Dex+4
                  | Slay-3}
  6920 | D:6      | Killed a yak
  7812 | D:7      | Found a radiant altar of Vehumet.
  7848 | D:7      | Noticed a troll
  7911 | D:7      | Gained mutation: Your spells are a little harder to cast,
                  | but a little more powerful. [potion of mutation]
  7921 | D:7      | Killed a troll
  7921 | D:7      | Received a gift from Okawaru
  7922 | D:7      | Reached XP level 9. HP: 25/65 MP: 11/18
  8227 | D:7      | Mangled by an orc warrior

Illustrated notes

Levels and vault maps discovered:
D:1:      ncdulo_halloftheorcs, layout_basic
D:2:      layout_basic
D:3:      layout_basic, ebering_ecumenical_altar_sacrificial, uniq_sigmund,
          uniq_terence
D:4:      minmay_octagon_keep, layout_loops_ring
D:5:      layout_basic, nicolae_uskayaw_dance_hall,
          minmay_temple_entry_antechambers, kennysheep_generic_room_13
D:6:      layout_gridville, xom_redecorated, uniq_maggie
D:7:      cheibrodos_quashed, layout_basic, lemuel_doored_altar,
          nicolae_overflow_crystal_walls, minmay_misc_feat_columns,
          corexii_hall_statues_i, minmay_bent
Temple:   cyrus_circular_temple

Skill      XL: |  1  2  3  4  5  6  7  8 |
---------------+-------------------------+-----
Spellcasting   | 5 6 |  6.3
Fighting       | 1 2 3 |  3.8
Short Blades   | 1 2 3 |  3.8
Long Blades    | 1 2 4 |  4.5
Axes           | 1 2 3 |  3.8
Maces & Flails | 1 2 3 |  3.8
Polearms       | 1 2 3 |  3.8
Staves         | 1 2 3 |  3.8
Slings         | 1 2 3 |  3.8
Bows           | 1 2 3 |  3.8
Crossbows      | 1 2 3 |  3.8
Throwing       | 1 2 3 |  3.8
Armour         | 1 2 3 |  3.8
Shields        | 1 2 3 |  3.8
Unarmed Combat | 1 2 3 |  3.8
Invocations    | 1 2 3 4 |  4.1
Evocations     | 1 2 3 |  3.8
Conjurations   | 1 2 3 |  3.1
Hexes          | 1 2 3 |  3.1
Necromancy     | 1 2 3 |  3.1
Translocations | 1 2 3 |  3.1
Transmutations | 1 2 3 |  3.1
Fire Magic     | 1 2 3 |  3.1
Ice Magic      | 1 2 3 |  3.1
Air Magic      | 1 2 3 |  3.1
Earth Magic    | 1 2 3 |  3.1
Poison Magic   | 1 2 3 |  3.1
Dodging        | 5 6 |  6.0
Stealth        | 5 |  5.7
Summonings     | |  7.8

Action                   |  1- 3 |  4- 6 |  7- 9 || total
-------------------------+-------+-------+-------++-------
Melee: Spear             |    70 |   118 |   238 ||   426
       Unarmed           |     3 |       |       ||     3
       Bite              |     3 |     9 |    17 ||    29
       Punch             |       |     1 |     3 ||     4
 Cast: Summon Small Mamm |    41 |    12 |     6 ||    59
       Call Imp          |     9 |    36 |    47 ||    92
       Call Canine Famil |       |     4 |    26 ||    30
Invok: Heroism           |       |       |     3 ||     3
  Use: Potion            |       |       |     2 ||     2
 Stab: Sleeping          |     4 |     5 |     2 ||    11
       Distracted        |       |     2 |    11 ||    13
Armor: Robe              |     6 |       |       ||     6
       Leather armour    |     5 |    41 |    56 ||   102
       Ring mail         |       |       |    21 ||    21
Dodge: Dodged            |    50 |    81 |   140 ||   271

Table legend: (Time is in decaauts)
 A = Elapsed time spent in this place.
 B = Non-inter-level travel time spent in this place.
 C = Inter-level travel time spent in this place.
 D = Time resting spent in this place.
 E = Time spent auto-exploring this place.
 F = Levels seen in this place.
 G = Mean time per level.
                   A        B        C        D        E       F      G
               +--------+--------+--------+--------+--------+-----+--------+
         Total |   8217 |   7844 |    373 |    528 |   5690 |   8 | 1027.1 |
       Dungeon |   8151 |   7784 |    367 |    528 |   5646 |   7 | 1164.4 |
        Temple |     66 |     60 |      6 |      0 |     44 |   1 |   66.0 |
               +--------+--------+--------+--------+--------+-----+--------+

Top non-repeatable levels by time:
     D:5: 1713 daAuts
     D:4: 1500 daAuts
     D:2: 1329 daAuts
     D:7: 1205 daAuts
     D:3: 1127 daAuts
     D:6: 1059 daAuts
     D:1: 214 daAuts
  Temple: 66 daAuts
